 Dungeon Crawl Stone Soup version 0.17-a0-1133-gfb1399f (webtiles) character file.

6216 Hanyuu the Martial Artist (level 10, -11/66 HPs)
             Began as an Octopode Transmuter on May 25, 2015.
             Was a Follower of Makhleb.
             Mangled by a two-headed ogre
             ... wielding a +0 giant club
              (23 damage)
             ... on level 10 of the Dungeon.
             The game lasted 00:32:32 (11286 turns).

Hanyuu the Martial Artist (Octopode Transmuter)    Turns: 11286, Time: 00:32:33

Health: -11/66     AC:  5    Str: 16      XL:     10   Next: 92%
Magic:  17/17      EV: 16    Int: 17 (18) God:    Makhleb [*.....]
Gold:   532        SH:  0    Dex: 13      Spells: 3 memorised, 12 levels left

rFire  . . .     SeeInvis .       - Unarmed
rCold  + . .     Clarity  .     (no shield)
rNeg   + . .     SustAt   +     (helmet restricted)
rPois  .         Gourm    .     (no amulet)
rElec  .         Spirit   .     l - ring of protection from cold
rCorr  .         Warding  .     A - +4 ring of protection
rMut   .         Stasis   .     k - ring of sustain attributes
MR     .....                    G - ring of positive energy
Stlth  ++........               f - +6 ring of strength
                                (no ring)
                                (no ring)
                                (no ring)

@: very slightly contaminated, not resistant to hostile enchantments, unstealthy
A: almost no armour, amphibious, 8 rings, constrict 8, camouflage 1, gelatinous
body 1
a: Renounce Religion


You were on level 10 of the Dungeon.
You worshipped Makhleb.
Makhleb was aware of your devotion.
You were not hungry.

You visited 2 branches of the dungeon, and saw 11 of its levels.
You visited the Abyss 1 time.
You also visited: Sewer.

You collected 532 gold pieces.

Inventory:

Missiles
 a - 174 arrows
 d - 20 tomahawks (quivered)
 h - a throwing net
 y - 19 poisoned needles
 P - 6 javelins
Magical staves
 L - an uncursed staff of fire
Jewellery
 f - a +6 ring of strength (on tentacle)
 k - a ring of sustain attributes (on tentacle)
 l - a ring of protection from cold (left tentacle)
 A - a +4 ring of protection (right tentacle)
 G - a ring of positive energy (on tentacle)
Magical devices
 p - a wand of digging (10)
 r - a wand of polymorph (4)
 v - a wand of fireball (10)
 z - a wand of cold (0)
 D - a wand of frost (29)
 M - a wand of digging (15)
 O - a wand of fire (10)
 R - a wand of frost (17)
Scrolls
 n - 3 scrolls of amnesia
 s - 2 scrolls of remove curse
 u - 3 scrolls of blinking
 w - a scroll of identify
 x - a scroll of immolation {unknown}
 B - 2 scrolls of noise {unknown}
 E - 2 scrolls of fear {unknown}
 K - 2 scrolls of silence {unknown}
 U - a scroll of magic mapping
Potions
 e - 3 potions of curing
 i - a potion of lignification
 o - 4 potions of flight
 q - a potion of cancellation
 t - 2 potions of agility
 F - 2 potions of haste
 H - a potion of invisibility {unknown}
 I - a potion of brilliance {unknown}
 J - a potion of might {unknown}
 Q - 2 potions of magic {unknown}
 T - a potion of cure mutation
Books
 b - a book of Changes

   Spells                             Type                      Level
   a - Beastly Appendage              Transmutation                1
   b - Sticks to Snakes               Transmutation                2
   c - Spider Form                    Transmutation/Poison         3
   d - Ice Form                       Ice/Transmutation            4
   e - Blade Hands                    Transmutation                5
 g - a book of Unlife

   Spells                             Type                      Level
   a - Recall                         Summoning/Translocation      3
   b - Animate Dead                   Necromancy                   4
   c - Control Undead                 Necromancy                   4
   d - Cigotuvi's Embrace             Necromancy                   5
   e - Death Channel                  Necromancy                   6
   f - Simulacrum                     Ice/Necromancy               6
Comestibles
 c - 10 bread rations
 j - 2 beef jerkies
 m - 4 meat rations
 C - 6 fruits
 S - 9 slices of pizza


   Skills:
 + Level 5.2 Fighting
 + Level 7.3 Dodging
 * Level 11.8 Unarmed Combat
 + Level 4.7 Spellcasting
 - Level 5.1 Transmutations
 - Level 1.0 Invocations


You had 12 spell levels left.
You knew the following spells:

 Your Spells              Type           Power        Failure   Level  Hunger
a - Beastly Appendage     Trmt           ###...       1%          1    None
b - Sticks to Snakes      Trmt           ###.......   2%          2    #......
c - Spider Form           Trmt/Pois      ##........   17%         3    ###....


Dungeon Overview and Level Annotations

Branches:
Dungeon (10/15)            Temple (1/1) D:5
   Lair: D:8-11         Orc: D:9-12

Altars:
Ashenzari
Cheibriados
Dithmenos
Elyvilon
Fedhas
Gozag
Kikubaaqudgha
Makhleb
Nemelex Xobeh
Okawaru
Qazlal
Ru
Sif Muna
Trog
Vehumet
Xom
Yredelemnul
Zin
The Shining One

Shops:
D:5 *   D:9 [


Innate Abilities, Weirdness & Mutations

You cannot wear most types of armour.
You are amphibious.
You can wear up to eight rings at the same time.
You can use your tentacles to constrict eight enemies at once.
Your skin changes colour to match your surroundings (Stealth).
Your rubbery body absorbs attacks (AC +1).


Message History

The orc wizard misses you.
You barely miss the orc wizard. Your grab misses the orc wizard.
Your tentacle-slap misses the orc wizard.
The orc wizard is almost dead.
The orc wizard hits you but does no damage.
Something bites the plant but does no damage.
The worm bites the plant.
You bludgeon the orc wizard!
You kill the orc wizard!
Makhleb accepts your kill.
You feel a little better.
The orc wizard mumbles some strange words.
The orc wizard seems to speed up.
You tentacle-slap the two-headed ogre. You squeeze the two-headed ogre!
The two-headed ogre is heavily wounded.
The two-headed ogre hits you with a giant club!!
Ouch! That really hurt!
* * * LOW HITPOINT WARNING * * *
The two-headed ogre hits you with a giant spiked club!!
You die... .# .# .# #. .# ###. .# ≈≈≈≈## .# ≈≈≈≈≈####.### ### #≈≈≈##@...# w≈≈w#P≈≈oO##...# ≈wwwPP≈≈o##

..# ≈≈w#P≈o## .#
#######≈≈≈# ..#
≈≈≈≈≈≈≈≈## ...#
≈≈≈≈≈..### #...#
.#.......##....#
##......#.....#


You could see a two-headed ogre, 2 worms, an orc wizard and 2 orcs.

Vanquished Creatures
  Pikel (D:4)
  Joseph (D:7)
  Psyche (D:9)
  A trapdoor spider zombie (D:9)
  3 yaks (D:8)
  A hungry ghost (D:8)
  A deep elf fighter (D:8)
  Edmund (D:5)
  A hippogriff (D:8)
  5 orc warriors
  5 ogres
  2 slaves (D:4)
  A black bear (D:6)
  2 ice beasts
  3 sky beasts
  4 phantoms
  A necrophage (D:9)
  3 centaurs
  3 giant frogs
  A crocodile (Sewer)
  A brain worm (D:10)
  A gnoll sergeant (D:7)
  4 killer bees (D:9)
  2 scorpions
  3 crimson imps
  8 hounds
  Crazy Yiuf (D:7)
  2 giant frog skeletons
  2 orc priests
  Ijyb (D:2)
  A centaur skeleton (D:8)
  3 orc wizards
  Jessica (D:2)
  Terence (D:2)
  5 iguanas
  7 worker ants
  A river rat (D:6)
  7 adders
  8 gnolls
  4 shadow imps
  An ooze (D:1)
  An adder zombie (D:9)
  An adder skeleton (D:4)
  A worm (D:5)
  5 giant geckos
  28 orcs
  2 ball pythons (D:5)
  3 bat zombies
  6 giant cockroaches
  14 hobgoblins
  9 jackals
  10 kobolds
  5 quokkas
  13 bats
  4 giant newts
  19 goblins
  2 quokka skeletons
  18 rats
246 creatures vanquished.

Vanquished Creatures (others)
  A hound skeleton (D:5)
  An orc (D:4)
2 creatures vanquished.

Grand Total: 248 creatures vanquished

Notes
Turn   | Place    | Note
--------------------------------------------------------------
     0 | D:1      | Hanyuu the Octopode Transmuter began the quest for the Orb.
     0 | D:1      | Reached XP level 1. HP: 13/13 MP: 3/3
   318 | D:1      | Reached XP level 2. HP: 16/18 MP: 5/5
   793 | D:1      | Reached skill level 4 in Unarmed Combat
   944 | D:1      | Reached XP level 3. HP: 21/23 MP: 6/6
   948 | D:1      | Learned a level 2 spell: Sticks to Snakes
   952 | D:1      | Learned a level 3 spell: Spider Form
  1418 | D:2      | Noticed Terence
  1458 | D:2      | Noticed Jessica
  1576 | D:2      | Killed Jessica
  1576 | D:2      | Reached XP level 4. HP: 20/28 MP: 0/7
  1683 | D:2      | Killed Terence
  1683 | D:2      | Reached skill level 5 in Unarmed Combat
  2093 | D:2      | Noticed Ijyb
  2101 | D:2      | Killed Ijyb
  2101 | D:2      | Reached XP level 5. HP: 25/33 MP: 4/8
  2662 | D:3      | Found a shattered altar of Ashenzari.
  2730 | D:3      | Noticed a phantom
  3503 | D:3      | Killed a phantom
  3503 | D:3      | Reached skill level 6 in Unarmed Combat
  3503 | D:3      | Reached XP level 6. HP: 10/38 MP: 5/9
  4509 | D:4      | Found a glowing golden altar of the Shining One.
  4552 | D:4      | Noticed an ogre
  4562 | D:4      | Killed an ogre
  4861 | D:4      | Reached skill level 7 in Unarmed Combat
  4861 | D:4      | Reached XP level 7. HP: 4/45 MP: 4/10
  5164 | D:5      | Entered Level 5 of the Dungeon
  5259 | D:5      | Noticed Edmund
  5283 | D:5      | Killed Edmund
  5349 | D:5      | Noticed Pikel
  5522 | D:4      | Killed Pikel
  5522 | D:4      | Reached skill level 8 in Unarmed Combat
  5522 | D:4      | Reached XP level 8. HP: 10/50 MP: 5/11
  5817 | D:5      | Found a shadowy altar of Dithmenos.
  5944 | D:5      | Found Copsucla's Commerce Corner.
  5998 | D:5      | Found a staircase to the Ecumenical Temple.
  6153 | Temple   | Entered the Ecumenical Temple
  6490 | D:6      | Found a glowing drain.
  6496 | Sewer    | Entered a sewer
  6639 | Sewer    | Reached skill level 5 in Transmutations
  6885 | D:6      | Reached skill level 9 in Unarmed Combat
  6963 | D:6      | Reached XP level 9. HP: 50/55 MP: 12/12
  7260 | D:6      | Reached skill level 5 in Dodging
  7706 | D:6      | Reached skill level 10 in Unarmed Combat
  8091 | D:6      | Found an iron altar of Okawaru.
  8324 | D:7      | Noticed Joseph
  8343 | D:7      | Killed Joseph
  8539 | D:7      | Found a deep blue altar of Sif Muna.
  8633 | D:7      | Reached XP level 10. HP: 16/63 MP: 10/14
  8983 | D:7      | Noticed Crazy Yiuf
  8991 | D:7      | Killed Crazy Yiuf
  9352 | D:8      | Reached skill level 11 in Unarmed Combat
  9414 | D:8      | Found a snail-covered altar of Cheibriados.
  9722 | D:8      | Found a burning altar of Makhleb.
  9732 | D:8      | Became a worshipper of Makhleb the Destroyer
 10234 | D:9      | Found a shimmering altar of Xom.
 10287 | D:9      | Noticed Psyche
 10290 | D:9      | Found Motevasch's Armour Boutique.
 10294 | D:9      | Cast into the Abyss (Psyche)
 10313 | D:9      | Escaped the Abyss
 10320 | D:9      | Killed Psyche
 10320 | D:9      | Reached skill level 1 in Invocations
 10441 | D:9      | Acquired Makhleb's first power
 11172 | D:9      | Reached skill level 5 in Fighting
 11222 | D:10     | Entered Level 10 of the Dungeon
 11286 | D:10     | Mangled by a two-headed ogre

Vault maps used:
D:1:      kilobyte_arrival_exit_the_forest, minmay_fountain_box,
          serial_bayou_pond_a, minmay_door_square
D:2:      uniq_terence, uniq_iyjb, uniq_jessica
D:3:      ashenzari_conservatory_becter
D:4:      first_bread, grunt_decor_mini_mirrors, tso_metal_star
D:5:      nicolae_dithmenos_shadow_blocks, temple_green, nicolae_alphabet_shops,
          uniq_pikel, uniq_edmund
D:6:      nicolae_overflow_hidden_temple, gup_sewer_entry_bubbles
D:7:      nicolae_overflow_crystal_walls, eino_small_chamber_without_monster,
          uniq_joseph, uniq_crazy_yiuf_cottage
D:8:      cheibriados_altar_1, lemuel_round_altar, grunt_pizzeria,
          minmay_misc_feat_four_crosses
D:9:      old_standard_altar, serial_shops, shop, uniq_psyche
D:10:     erik_lair_orcish_takeover, orc_0_dummy, basic_altar, serial_glass,
          glass_columns_c, glass_columns_c, serial_shops, shop, worms_lemuel
Temple:   circular_temple_12
Sewer:    sewer_the_crocodile

Action                   |  1- 3 |  4- 6 |  7- 9 | 10-12 || total
-------------------------+-------+-------+-------+-------++-------
Melee: Unarmed           |    58 |   183 |   304 |   233 ||   778
Throw: Tomahawk          |       |       |       |     1 ||     1
 Cast: Beastly Appendage |     1 |     3 |     2 |       ||     6
       Spider Form       |       |    12 |    20 |    14 ||    46
 Abil: End Transformatio |       |     1 |       |       ||     1
  Use: Scroll            |       |     6 |     5 |     5 ||    16
       Potion            |       |     1 |     1 |       ||     2
 Stab: Sleeping          |     9 |     4 |     6 |     8 ||    27
  Eat: Chunk             |     2 |    11 |    14 |     8 ||    35
       Beef jerky        |       |     1 |       |       ||     1
       Fruit             |       |       |     2 |       ||     2
       Pizza             |       |       |       |     1 ||     1
